 Dungeon Crawl Stone Soup version 0.20.1-1-g8b1a95d (webtiles) character file.

683897 Zeloya the Acrobat (level 27, 0/241 HPs)
             Began as a Kobold Air Elementalist on Dec 27, 2017.
             Was the Champion of Vehumet.
             Killed from afar by an ancient lich (41 damage)
             ... with a crystal spear
             ... on level 5 of the Realm of Zot on Jan 5, 2018.
             The game lasted 05:14:38 (128922 turns).

Zeloya the Acrobat (Kobold Air Elementalist)      Turns: 128922, Time: 05:14:38

Health: 0/241      AC: 33    Str: 12    XL:     27
Magic:  22/48      EV: 36    Int: 30    God:    Vehumet [******]
Gold:   3669       SH: 15    Dex: 22    Spells: 5/69 levels left

rFire    + . .     SeeInvis +   O - +9 demon whip (freeze)
rCold    + + .     Gourm    .   s - +2 buckler of Filth {rPois Str+4 Stlth+}
rNeg     + + .     Faith    .   (armour currently unavailable)
rPois    ∞         Spirit   .   X - +1 helmet of Othrisko {+Fly MR++ Dex+2 Slay-2}
rElec    +         Reflect  +   x - scarf of the Arcane {Int+5 Stlth+}
rCorr    .         Harm     .   (gloves currently unavailable)
MR       ++++.                  (boots currently unavailable)
Stlth    +++++++++.             Q - +6 amulet of reflection
Regen    0.5/turn               V - ring "Futweoj" {rC+ rN+ SInv}
MPRegen  0.4/turn               d - ring "Soemonal" {rF+ rC+ Str+4 Dex+3}

@: statue-form, very slightly contaminated, hasted
A: blink, carnivore 3, dopey 1, screaming 1, electricity resistance, weak 1
}: 3/15 runes: decaying, silver, gossamer
a: End Transformation, Blink, Renounce Religion, Evoke Flight


You were on level 5 of the Realm of Zot.
You worshipped Vehumet.
Vehumet was exalted by your worship.
You were very full.
You were a stone statue.
You visited 10 branches of the dungeon, and saw 50 of its levels.
You also visited: Labyrinth, Trove and Sewer.

You collected 7123 gold pieces.
You spent 3454 gold pieces at shops.

Inventory:

Hand Weapons
 k - the +8 whip "Snakebite" {curare, rPois}
   (You took it off an entropy weaver on level 5 of the Vaults)

   It poisons the flesh of those it strikes.
   It protects you from poison.
 v - the +9 flail of Borraapa {crush, rElec MR+ Int+4 Stlth+}
   (You found it in a labyrinth)

   It inflicts extra damage upon your enemies.
   It affects your intelligence (+4).
   It insulates you from electricity.
   It affects your resistance to hostile enchantments.
   It makes you more stealthy.
 O - a +9 demon whip of freezing (weapon)
Armour
 b - a scarf of cloud immunity
 o - the +2 hat of Mirth {MR+}
   (You found it in a treasure trove)

   It affects your resistance to hostile enchantments.
 s - the +2 buckler of Filth (worn) {rPois Str+4 Stlth+}
   (You found it in a treasure trove)

   It affects your strength (+4).
   It protects you from poison.
   It makes you more stealthy.
 x - the scarf of the Arcane (worn) {Int+5 Stlth+}
   (You found it in a treasure trove)

   It affects your intelligence (+5).
   It makes you more stealthy.
 y - a +2 pair of boots of flying (melded)
 D - the +0 pair of fencer's gloves (melded) {+Riposte Dex+3}
   (You found it on level 4 of the Depths)

   It affects your dexterity (+3).
 J - a +1 robe of the Archmagi (melded)
 X - the +1 helmet of Othrisko (worn) {+Fly MR++ Dex+2 Slay-2}
   (You found it on level 3 of the Elven Halls)

   It affects your dexterity (+2).
   It affects your accuracy and damage with ranged weapons and melee attacks
   (-2).
   It affects your resistance to hostile enchantments.
   It lets you fly.
Jewellery
 d - the ring "Soemonal" (right hand) {rF+ rC+ Str+4 Dex+3}
   (You took it off a deep elf archer on level 3 of the Vaults)

   [ring of dexterity]

   It affects your strength (+4).
   It affects your dexterity (+3).
   It protects you from fire.
   It protects you from cold.
 u - the ring of Zaaniul {rPois rF+ rC+ Str+2 Int+2}
   (You took it off a yaktaur on level 2 of the Depths)

   [ring of protection from cold]

   It affects your strength (+2).
   It affects your intelligence (+2).
   It protects you from fire.
   It protects you from cold.
   It protects you from poison.
 H - an uncursed ring of resist corrosion
 K - the ring of Giske {rN+ MR+ SInv}
   (You took it off a deep elf mage on level 4 of the Depths)

   [ring of see invisible]

   It protects you from negative energy.
   It affects your resistance to hostile enchantments.
   It lets you see invisible.
 Q - a +6 amulet of reflection (around neck)
 V - the ring "Futweoj" (left hand) {rC+ rN+ SInv}
   (You found it on level 2 of the Depths)

   [ring of see invisible]

   It protects you from cold.
   It protects you from negative energy.
   It lets you see invisible.
Wands
 a - a wand of digging (7/24)
 L - a wand of acid (7/15)
 W - a wand of clouds (2/9)
Scrolls
 e - 15 scrolls of remove curse
 g - 8 scrolls of fog
 i - 7 scrolls of recharging
 l - 2 scrolls of brand weapon
 m - 2 scrolls of blinking
 w - 3 scrolls of amnesia
 B - 11 scrolls of fear
 F - 10 scrolls of identify
 G - 21 scrolls of teleportation
 P - a scroll of enchant weapon
 R - a scroll of silence
 Y - a scroll of holy word
Potions
 f - 29 potions of curing
 h - 7 potions of mutation
 j - 11 potions of brilliance
 n - 15 potions of heal wounds
 p - 6 potions of flight
 q - 6 potions of magic
 r - 2 potions of cancellation
 z - 7 potions of might
 A - 3 potions of agility
 C - 4 potions of invisibility
 I - 4 potions of resistance
 S - 2 potions of haste
 T - 4 potions of berserk rage
 Z - 4 potions of ambrosia
Comestibles
 c - 32 meat rations
 t - 22 royal jellies
 E - 3 chunks of flesh


   Skills:
 + Level 22.4 Fighting
 - Level 15.0 Maces & Flails
 + Level 22.8 Dodging
 - Level 22.2 Stealth
 - Level 5.7 Shields
 + Level 21.6 Spellcasting
 - Level 16.1 Conjurations
 - Level 6.0 Charms
 - Level 6.0 Necromancy
 - Level 10.1 Transmutations
 - Level 10.0 Ice Magic
 - Level 21.1 Air Magic
 - Level 10.0 Earth Magic
 - Level 1.2 Evocations


You had 5 spell levels left.
You knew the following spells:

 Your Spells              Type           Power        Failure   Level  Hunger
a - Orb of Destruction    Conj           #######...   1%          7    ##.....
b - Airstrike             Air            ########..   0%          4    None
c - Ozocubu's Refrigerat  Ice            #######...   1%          6    None
d - Chain Lightning       Conj/Air       #######...   1%          8    #####..
e - Stone Arrow           Conj/Erth      ######       0%          3    None
f - Bolt of Cold          Conj/Ice       #######...   1%          6    None
g - Freezing Cloud        Conj/Ice/Air   #######...   1%          6    None
h - Deflect Missiles      Chrm/Air       #######...   1%          6    None
i - Statue Form           Tmut/Erth      #######..    2%          6    None
j - Regeneration          Chrm/Necr      ######....   1%          3    None
k - Tornado               Air            ########..   4%          9    ######.


Dungeon Overview and Level Annotations

Branches:
Dungeon (15/15)            Temple (1/1) D:5            Lair (6/6) D:9
  Swamp (4/4) Lair:3       Spider (4/4) Lair:4        Slime (0/5) Lair:6
    Orc (2/2) D:11            Elf (3/3) Orc:2        Vaults (5/5) D:13
  Crypt (0/3) Vaults:3     Depths (5/5) D:15            Zot (5/5) Depths:5

Altars:
Ashenzari
Cheibriados
Dithmenos
Elyvilon
Fedhas
Gozag
Hepliaklqana
Kikubaaqudgha
Makhleb
Nemelex Xobeh
Okawaru
Qazlal
Ru
Sif Muna
Trog
Uskayaw
Vehumet
Xom
Yredelemnul
Zin
The Shining One

Shops:
D:6 [   D:11 %   D:13 *   Orc:2 [[(!   Elf:1 %*   Elf:2 :   Vaults:1 ?=[%

Portals:
Hell: Depths:1 Depths:2 Depths:3 Depths:4 Depths:5
Abyss: Depths:4 Depths:5
Pandemonium: Depths:2 Depths:3 Depths:5
Ziggurat: Depths:3

Annotations:
Elf:2 3 runed doors
Depths:5 5 runed doors, exclusion: door


Innate Abilities, Weirdness & Mutations

You are small and have problems with some larger weapons.
You are carnivorous and can eat meat at any time.
You can translocate small distances at will.
You are dopey. (Int -2)
You occasionally shout uncontrollably at your foes.
You are resistant to electric shocks. (rElec)
You are weak. (Str -2)


Message History

As you read the scroll of blinking, it crumbles to dust.
You feel yourself speed up.
The orb of fire glows red.
The fireball explodes!
The fireball engulfs you! You resist.
The orb of fire emits a lurid red light.
The fireball explodes!
The fireball engulfs you! You resist.
You hear a shout!
You hear a roar!
An ancient lich comes into view.
Unknown command.
The orb of fire glows bright magenta.
Strange energies course through your body.
You feel weaker.
The orb of fire glows yellow.
The fireball explodes!
The fireball engulfs you! You resist.
* * * LOW HITPOINT WARNING * * *
There is a stone staircase leading up here.
Unknown command.
The ancient lich points at you and mumbles some strange words.
The crystal spear hits you!
You die...

#.....#.# #......
#......#######......
#########......##...........
#.............X##........... #
#..........X...##........... #
#...........*..##........##.
######:.............##........##.
....................'.........++.
##############..8L..##........##.
+....#........#.....##........##.
####.#.#####..#.....##.[......##.
#..#.#..⌠..<#.#.....##........##.
##.#.########.##################.
..............# ##
####.########## # .....# # ######
#


You could see an orb of fire, an ancient lich and 2 Orb Guardians.

Vanquished Creatures
  An ancient lich (Vaults:5)
  A juggernaut (Depths:4)
  the Lernaean hydra (Swamp:4)
  Sojobo (Depths:3)
  Bai Suzhen (Vaults:3)
  Boris (Vaults:4)
  Margery (Depths:3)
  4 curse toes
  Nikola (Depths:2)
  8 golden dragons
  2 bone dragons (Depths:5)
  An electric golem (Zot:2)
  Arachne (Spider:2)
  18 tentacled monstrosities
  Rupert (Lair:5)
  4 titans
  2 deep elf blademasters (Elf:3)
  8 quicksilver dragons
  A sphinx (shapeshifter) (Depths:4)
  11 death cobs
  2 deep elf master archers (Elf:3)
  4 liches
  10 sphinxes
  16 shadow dragons
  8 tengu reavers
  6 thorn hunters
  23 storm dragons
  A revenant (Vaults:4)
  The ghost of letownia2 the Severer, an adept DDNe of Gozag (Swamp:3)
  7 draconian monks
  23 frost giants
  2 orc warlords
  4 iron dragons
  23 vault wardens
  3 deep elf sorcerers
  8 draconian knights
  8 emperor scorpions
  18 fire giants
  Louise (Depths:4)
  2 draconian scorchers
  8 ghost moths
  A ghoul (Vaults:3)
  3 deep elf elementalists
  2 draconian stormcallers
  15 ironheart preservers
  6 draconian annihilators
  7 spriggan defenders
  8 draconian shifters
  20 very ugly things
  2 war gargoyles (Vaults:5)
  31 stone giants
  10 entropy weavers
  15 green draconians
  4 deep elf demonologists (Elf:3)
  9 black draconians
  11 deep elf annihilators
  6 vampire knights
  6 white draconians
  12 purple draconians
  8 red draconians
  15 yellow draconians
  31 ettins
  2 merfolk javelineers (Depths:2)
  A spark wasp (Spider:4)
  14 deep elf death magi
  5 deep elf high priests
  18 fire dragons
  19 yaktaur captains
  A minotaur (Lab)
  2 merfolk impalers
  Erolcha (D:12)
  12 great orbs of eyes
  16 ice dragons
  24 hydras
  5 rakshasas
  36 vault guards
  The ghost of letownia2 the Reanimator, a journeyman DDNe of Gozag (D:11)
  A merfolk avatar (Depths:5)
  8 spriggan air magi
  3 catoblepae (Lair:6)
  A catoblepas (shapeshifter) (Depths:5)
  5 death knights
  Erica (D:8)
  A ghost crab (Swamp:4)
  13 centaur warriors
  2 alligators (shapeshifter) (Depths:2)
  8 death scarabs (Spider:4)
  8 deep troll earth magi
  A queen ant (Spider:1)
  6 tengu warriors
  10 alligators
  23 ogre magi
  76 two-headed ogres
  9 dancing weapons
  10 deep troll shamans
  3 vampire magi
  3 hell hogs (Depths:4)
  19 death yaks
  8 orc high priests
  10 spriggan berserkers
  A sun demon (Depths:4)
  20 deep elf knights
  Nergalle (D:11)
  5 iron trolls
  8 hell knights
  2 shadow wraiths (Vaults:2)
  18 skeletal warriors
  3 salamander mystics
  3 glowing orange brains
  10 swamp dragons
  2 unseen horrors
  2 unseen horrors (shapeshifter)
  6 spriggan druids
  4 flayed ghosts
  4 spectral wolf spiders (Spider:4)
  A swamp dragon (shapeshifter) (Vaults:5)
  40 deep trolls
  A glowing orange brain (shapeshifter) (Vaults:2)
  A golden dragon skeleton (Depths:2)
  20 ironbrand convokers
  4 lindwurms (D:12)
  A wolf spider zombie (Spider:4)
  9 wizards
  15 orc knights
  21 deep elf archers
  11 phantasmal warriors
  3 shambling mangroves
  9 harpies
  A harpy (shapeshifter) (D:11)
  2 mana vipers (shapeshifter)
  58 deep elf magi
  A wolf spider (shapeshifter) (Vaults:5)
  10 orc sorcerers
  24 orb spiders
  11 necromancers
  2 orb spiders (shapeshifter)
  60 wolf spiders
  A human zombie (Vaults:1)
  A stone giant zombie (Depths:2)
  45 ugly things
  40 moths of wrath
  7 cyclopes
  A tengu skeleton (Vaults:1)
  4 manticores
  3 salamanders (Depths:1)
  2 stone giant skeletons
  A manticore (shapeshifter) (Depths:4)
  2 guardian serpents (Depths:4)
  4 black mambas
  A centaur zombie (D:13)
  9 elephants
  The ghost of ScottishVillain the Skirmisher, a novice DrWn of Yredelemnul (D:5)
  Maurice (D:8)
  14 vault sentinels
  2 human skeletons (Vaults:1)
  28 spiny frogs
  3 torpor snails
  A naga mage (Depths:4)
  A gargoyle (D:12)
  2 spectral redbacks (Spider:4)
  2 kobold demonologists (D:15)
  8 komodo dragons
  3 rime drakes
  5 freezing wraiths
  4 efreet
  50 yaktaurs
  A tengu conjurer (Depths:5)
  A redback zombie (Spider:4)
  25 demonic crawlers
  A queen bee (Depths:2)
  63 jumping spiders
  9 meliai
  2 polar bears
  12 trolls
  A jumping spider (shapeshifter) (Vaults:3)
  3 tyrant leeches
  6 spectral jumping spiders (Spider:4)
  A queen bee (shapeshifter) (Elf:1)
  30 hornets
  Prince Ribbit (D:5)
  3 spectral tarantellas (Spider:4)
  A wind drake (shapeshifter) (Depths:1)
  2 tarantella zombies (Spider:4)
  4 human simulacra
  A harpy skeleton (D:15)
  A raiju (shapeshifter) (Vaults:3)
  11 blink frogs
  A jumping spider zombie (Spider:4)
  11 dream sheep
  An ice dragon zombie (D:15)
  5 bog bodies
  2 large abominations (Elf:1)
  An ice dragon skeleton (D:15)
  129 redbacks
  52 slime creatures
  16 hippogriffs
  A redback (shapeshifter) (Vaults:2)
  2 vampires (Depths:4)
  7 basilisks
  29 spriggans
  6 air elementals
  60 tarantellas
  14 water elementals
  11 wraiths
  A fire bat (shapeshifter) (Depths:5)
  3 shadows
  67 yaks
  A yak (shapeshifter) (D:15)
  4 fire elementals
  2 steam dragons
  A basilisk (shapeshifter) (Vaults:4)
  4 hogs (D:8)
  A human (D:8)
  A golden eye (shapeshifter) (Depths:2)
  A human (shapeshifter) (Vaults:4)
  5 wargs
  6 vampire mosquitoes
  4 hungry ghosts
  Edmund (D:5)
  3 insubstantial wisps (Swamp:4)
  A tengu zombie (D:15)
  14 swamp worms
  10 water moccasins
  2 acid dragons (Vaults:1)
  6 hell hounds (Depths:4)
  The ghost of Zeloya the Gusty, an amateur KoAE (D:3)
  27 soldier ants
  A floating eye (Depths:2)
  18 porcupines
  A spectral hornet (Spider:4)
  A hornet zombie (Vaults:1)
  6 ice beasts
  A black bear (shapeshifter) (Vaults:4)
  57 orc warriors
  3 eyes of draining
  8 sky beasts
  11 swamp drakes
  4 black bears
  A necrophage (D:9)
  66 ogres
  A tengu (shapeshifter) (Vaults:5)
  A phantom (D:8)
  32 wolves
  22 boggarts
  23 centaurs
  16 crocodiles
  2 elf zombies (Elf:1)
  4 big kobolds
  2 yaktaur zombies (Vaults:1)
  16 bullfrogs
  2 gnoll sergeants
  2 wyvern zombies
  6 earth elementals
  2 wyvern skeletons
  A yaktaur skeleton (Vaults:1)
  12 scorpions
  31 killer bees
  A killer bee (shapeshifter) (Vaults:5)
  24 wights
  8 howler monkeys
  An electric eel (Spider:3)
  6 crimson imps
  4 quasits
  3 bullfrog zombies
  6 jellies
  10 hounds
  4 bullfrog skeletons
  A gnoll shaman (D:8)
  24 orc priests
  4 centaur skeletons
  An iron imp (Spider:4)
  6 iguanas
  40 orc wizards
  32 worker ants
  A worker ant (shapeshifter) (Depths:2)
  A hound skeleton (D:4)
  3 worker ant zombies
  10 adders
  15 gnolls
  2 howler monkey skeletons
  A river rat (Sewer)
  5 shadow imps
  An ooze (D:2)
  An adder skeleton (D:8)
  An adder zombie (D:9)
  9 worms
  A dart slug (D:1)
  7 leopard geckos
  114 orcs
  2 ball pythons
  9 giant cockroaches
  6 hobgoblins
  9 jackals
  4 quokkas
  3 bats (D:2)
  6 frilled lizards
  9 goblins
  A jackal skeleton (D:8)
  30 kobolds
  A leopard gecko zombie (D:6)
  13 rats
  A fire vortex (Depths:1)
  A fungus (Lair:4)
  A withered plant (D:15)
2984 creatures vanquished.

Vanquished Creatures (collateral kills)
  A ghost moth (Spider:2)
  A dancing weapon (Elf:3)
  A deep elf knight (Elf:3)
  A tarantella (Spider:2)
4 creatures vanquished.

Vanquished Creatures (others)
  A tengu reaver (Depths:3)
  2 stone giants
  A purple draconian (Zot:5)
  A spriggan air mage (Depths:2)
  A phantasmal warrior (Vaults:5)
  An orc knight (Vaults:4)
  74 ball lightnings
  2 ogres (Vaults:4)
  A sky beast (shapeshifter) (Vaults:5)
  A sky beast (D:15)
  2 electric eels (D:15)
  15 fungi
  26 plants
128 creatures vanquished.

Grand Total: 3116 creatures vanquished

Notes
Turn   | Place    | Note
-------+----------+-------------------------------------------
     0 | D:1      | Zeloya the Kobold Air Elementalist began the quest for the Orb.
     0 | D:1      | Reached XP level 1. HP: 10/10 MP: 3/3
   463 | D:1      | Reached XP level 2. HP: 15/15 MP: 1/5
  1097 | D:2      | Reached XP level 3. HP: 8/19 MP: 0/6
  1942 | D:2      | Found a sparkling altar of Nemelex Xobeh.
  1974 | D:2      | Reached XP level 4. HP: 24/24 MP: 4/7
  2684 | D:2      | Learned a level 4 spell: Airstrike
  2969 | D:3      | Noticed Zeloya's ghost (amateur KoAE)
  3110 | D:3      | Found a blossoming altar of Fedhas.
  3111 | D:3      | Found a bloodstained altar of Trog.
  3215 | D:3      | Reached XP level 5. HP: 24/28 MP: 2/8
  3542 | D:3      | Found a glowing drain.
  3546 | Sewer    | Entered a sewer
  3555 | Sewer    | Gained mutation: You can translocate small distances at will. [potion of mutation]
  3555 | Sewer    | Gained mutation: You are resistant to electric shocks. (rElec) [potion of mutation]
  3692 | Sewer    | Noticed a big kobold
  3798 | Sewer    | Killed a big kobold
  3798 | Sewer    | Reached skill level 5 in Air Magic
  3798 | Sewer    | Reached XP level 6. HP: 17/32 MP: 0/9
  3975 | Sewer    | Found a glowing silver altar of Zin.
  4235 | D:3      | Killed Zeloya's ghost
  4442 | D:3      | Reached XP level 7. HP: 20/36 MP: 6/10
  5038 | D:4      | Reached skill level 5 in Conjurations
  5527 | D:4      | Reached XP level 8. HP: 33/41 MP: 7/11
  5551 | D:4      | Found a glowing golden altar of the Shining One.
  6255 | D:4      | Found an iron altar of Okawaru.
  6347 | D:5      | Entered Level 5 of the Dungeon
  7032 | D:5      | Noticed Edmund
  7055 | D:5      | Killed Edmund
  7090 | D:5      | Noticed Prince Ribbit
  7146 | D:5      | Killed Prince Ribbit
  7146 | D:5      | Reached XP level 9. HP: 6/45 MP: 3/12
  7447 | D:5      | Noticed ScottishVillain's ghost (novice DrWn)
  7861 | D:5      | Found a staircase to the Ecumenical Temple.
  7870 | Temple   | Entered the Ecumenical Temple
  8020 | Temple   | Became a worshipper of Vehumet
  8050 | D:5      | Found a sparkling altar of Nemelex Xobeh.
  8997 | D:6      | Reached skill level 1 in Fighting
  9924 | D:6      | Reached skill level 5 in Stealth
  9931 | D:6      | Reached XP level 10. HP: 54/56 MP: 4/15
  9942 | D:6      | Reached skill level 5 in Dodging
 10129 | D:6      | Found Osutoer's Antique Armour Boutique.
 10145 | D:6      | Bought a runed robe for 88 gold pieces
 10912 | D:7      | Noticed a hand axe
 10915 | D:7      | Noticed a hand axe
 10921 | D:7      | Found a hide-covered altar of Uskayaw.
 10987 | D:7      | Reached * piety under Vehumet
 10987 | D:7      | Offered knowledge of Flame Tongue by Vehumet.
 11486 | D:7      | Learned a level 5 spell: Lightning Bolt
 11577 | D:7      | Reached skill level 5 in Spellcasting
 11892 | D:8      | Reached skill level 5 in Fighting
 11948 | D:8      | Noticed Erica
 11957 | D:8      | Killed Erica
 11961 | D:8      | Noticed Maurice
 12070 | D:8      | Killed Maurice
 12158 | D:8      | Reached XP level 11. HP: 35/64 MP: 7/18
 12756 | D:8      | Offered knowledge of Sandblast by Vehumet.
 12895 | D:8      | Reached ** piety under Vehumet
 13762 | D:8      | Offered knowledge of Searing Ray by Vehumet.
 14069 | D:8      | Reached *** piety under Vehumet
 14461 | D:5      | Killed ScottishVillain's ghost
 14461 | D:5      | Offered knowledge of Mephitic Cloud by Vehumet.
 14571 | D:5      | Learned a level 3 spell: Mephitic Cloud
 15374 | D:9      | Noticed a two-headed ogre
 15454 | D:8      | Killed a two-headed ogre
 15575 | D:9      | Reached **** piety under Vehumet
 15820 | D:9      | Found a staircase to the Lair.
 16372 | D:9      | Reached XP level 12. HP: 72/72 MP: 10/19
 16407 | D:9      | Reached skill level 10 in Air Magic
 16407 | D:9      | Reached skill level 10 in Stealth
 16738 | D:9      | Offered knowledge of Ignite Poison by Vehumet.
 18053 | Lair:1   | Entered Level 1 of the Lair of Beasts
 18766 | Lair:1   | Got a smoking leather armour
 18885 | Lair:1   | Reached skill level 10 in Conjurations
 19505 | Lair:1   | You fall through a shaft!
 20008 | Lair:1   | Reached skill level 10 in Dodging
 20190 | Lair:2   | Noticed a seven-headed hydra
 20517 | Lair:2   | Killed a seven-headed hydra
 20654 | Lair:2   | Noticed a six-headed hydra
 20669 | Lair:2   | Killed a six-headed hydra
 20669 | Lair:2   | Reached XP level 13. HP: 80/80 MP: 6/22
 21643 | Lair:3   | Learned a level 3 spell: Stone Arrow
 21749 | Lair:3   | Noticed a four-headed hydra
 21812 | Lair:3   | Reached skill level 10 in Fighting
 21902 | Lair:3   | Found a labyrinth entrance.
 21907 | Lair:3   | Found a shimmering altar of Xom.
 21912 | Lab      | Entered a labyrinth
 21927 | Lab      | Found an exit through the horrors of the Abyss.
 21973 | Lab      | Found an exit through the horrors of the Abyss.
 22403 | Lab      | Found an exit through the horrors of the Abyss.
 22628 | Lab      | Noticed a minotaur
 22636 | Lab      | Killed a minotaur
 22753 | Lab      | Got a jewelled flail
 22754 | Lab      | Identified the +9 flail of Borraapa {crush, rElec MR+ Int+4 Stlth+} (You found it in a labyrinth)
 22793 | Lab      | Identified the +3 leather armour of the Armadillo {Dex+2} (You found it on level 1 of the Lair of Beasts)
 22970 | Lair:3   | Reached skill level 1 in Earth Magic
 23499 | Lair:3   | Reached skill level 5 in Earth Magic
 23818 | Lair:3   | Reached ***** piety under Vehumet
 24015 | Lair:3   | Found a staircase to the Swamp.
 24090 | Lair:3   | Killed a four-headed hydra
 24300 | Lair:3   | Offered knowledge of Olgreb's Toxic Radiance by Vehumet.
 25307 | Lair:4   | Reached XP level 14. HP: 88/88 MP: 14/25
 25596 | Lair:4   | Found a hole to the Spider Nest.
 26169 | Lair:5   | Got a jewelled leather armour
 26891 | Lair:5   | Reached skill level 1 in Maces & Flails
 27414 | Lair:5   | Noticed Rupert
 27539 | Lair:6   | Entered Level 6 of the Lair of Beasts
 27873 | Lair:6   | Found a staircase to the Slime Pits.
 28308 | Lair:6   | Offered knowledge of Bolt of Cold by Vehumet.
 28319 | Lair:6   | Learned a level 6 spell: Bolt of Cold
 28651 | Lair:6   | Reached skill level 10 in Spellcasting
 30022 | Lair:6   | Reached XP level 15. HP: 87/95 MP: 22/30
 31027 | Lair:6   | Got a bloodstained ring mail
 31703 | D:10     | Entered Level 10 of the Dungeon
 32576 | D:11     | Noticed Nergalle
 32586 | D:11     | Killed Nergalle
 32793 | D:11     | Found a deep blue altar of Sif Muna.
 32963 | D:11     | Offered knowledge of Freezing Cloud by Vehumet.
 32967 | D:11     | Noticed letownia2's ghost (journeyman DDNe)
 33019 | D:11     | Killed letownia2's ghost
 33105 | D:11     | Learned a level 6 spell: Freezing Cloud
 33171 | D:11     | Found a staircase to the Orcish Mines.
 33255 | D:11     | Reached skill level 1 in Ice Magic
 33419 | D:11     | Found Jeofiasm's Food Shop.
 33877 | D:11     | Found an iron altar of Okawaru.
 34093 | Orc:1    | Entered Level 1 of the Orcish Mines
 34389 | Orc:2    | Entered Level 2 of the Orcish Mines
 35048 | Orc:2    | Reached skill level 5 in Ice Magic
 35208 | Orc:2    | Offered knowledge of Spellforged Servitor by Vehumet.
 35235 | Orc:2    | Noticed an orc warlord
 35560 | Orc:1    | Killed an orc warlord
 35973 | Orc:2    | Paralysed by an orc sorcerer for 5 turns
 36325 | Orc:2    | Noticed an orc warlord
 36514 | Orc:2    | Found a staircase to the Elven Halls.
 36552 | Orc:2    | Reached XP level 16. HP: 95/101 MP: 12/32
 36696 | Orc:2    | Found Edonil's Distillery.
 37569 | Orc:2    | Found Etoim's Armour Shoppe.
 37765 | Orc:2    | Found Xuopluro's Weapon Shop.
 37765 | Orc:2    | Found Bujuiss's Armour Shop.
 37787 | Orc:2    | Bought a potion of resistance for 150 gold pieces
 37787 | Orc:2    | Bought a potion of heal wounds for 75 gold pieces
 37787 | Orc:2    | Bought a potion of heal wounds for 75 gold pieces
 37787 | Orc:2    | Bought a potion of curing for 45 gold pieces
 37787 | Orc:2    | Bought a potion of curing for 45 gold pieces
 37787 | Orc:2    | Bought a potion of curing for 45 gold pieces
 37787 | Orc:2    | Bought a potion of cancellation for 120 gold pieces
 37787 | Orc:2    | Bought a potion of cancellation for 120 gold pieces
 38334 | Orc:2    | Offered knowledge of Conjure Ball Lightning by Vehumet.
 38342 | Orc:2    | Learned a level 6 spell: Conjure Ball Lightning
 39049 | Orc:2    | Bought a scarf of cloud immunity for 91 gold pieces
 39078 | Orc:2    | Identified the cursed +1 leather armour of the Crypt {rPois Str-3 Stlth+} (You found it on level 5 of the Lair of Beasts)
 39089 | Orc:2    | Identified the +2 ring mail "Nomaav" {rPois rC+ Int+2} (You found it on level 6 of the Lair of Beasts)
 39482 | D:12     | Noticed Erolcha
 39503 | D:12     | Killed Erolcha
 41948 | D:12     | Got a translucent quarterstaff
 42017 | D:12     | Identified the +5 quarterstaff of Shrieking Terror {venom, +Rage} (You found it on level 12 of the Dungeon)
 42209 | D:13     | Found a shattered altar of Ashenzari.
 42424 | D:13     | Found Utwamak's Assorted Antiques.
 42428 | D:13     | Bought a scroll labeled PYDDAT FORCH for 24 gold pieces
 42428 | D:13     | Bought a potion of heal wounds for 120 gold pieces
 42428 | D:13     | Bought a sapphire ring for 120 gold pieces
 43353 | D:13     | Found a gate to the Vaults.
 43985 | D:13     | Offered knowledge of Orb of Destruction by Vehumet.
 44027 | D:13     | Reached XP level 17. HP: 17/108 MP: 26/33
 44359 | D:13     | Learned a level 7 spell: Orb of Destruction
 45486 | D:15     | Entered Level 15 of the Dungeon
 46230 | D:15     | Found a staircase to the Depths.
 47673 | D:15     | Offered knowledge of Ozocubu's Refrigeration by Vehumet.
 47697 | D:15     | Learned a level 6 spell: Ozocubu's Refrigeration
 49174 | Swamp:1  | Entered Level 1 of the Swamp
 49420 | Swamp:1  | Reached skill level 15 in Dodging
 49643 | Swamp:1  | Reached skill level 15 in Fighting
 49830 | Swamp:1  | Noticed a thorn hunter
 50149 | Swamp:1  | Killed a thorn hunter
 50739 | Swamp:2  | Reached XP level 18. HP: 119/119 MP: 6/34
 51146 | Swamp:2  | Got a jewelled scarf
 51166 | Swamp:2  | Identified the scarf "Kaylifes" {*Drain rCorr Str+7} (You found it on level 2 of the Swamp)
 52147 | Swamp:3  | Noticed letownia2's ghost (adept DDNe)
 52157 | Swamp:3  | Killed letownia2's ghost
 54025 | Swamp:4  | Entered Level 4 of the Swamp
 54588 | Swamp:4  | Noticed a tentacled monstrosity
 55630 | Swamp:4  | Noticed the 27-headed Lernaean hydra
 55636 | Swamp:4  | Killed the 27-headed Lernaean hydra
 55669 | Swamp:3  | Killed a tentacled monstrosity
 56280 | Swamp:4  | Got a decaying rune of Zot
 56508 | Swamp:1  | Reached XP level 19. HP: 125/125 MP: 11/36
 56702 | Spider:1 | Entered Level 1 of the Spider Nest
 57026 | Spider:1 | Reached ****** piety under Vehumet
 58064 | Spider:1 | Offered knowledge of Fire Storm by Vehumet.
 58064 | Spider:1 | Offered knowledge of Glaciate by Vehumet.
 58064 | Spider:1 | Offered knowledge of Chain Lightning by Vehumet.
 59356 | Spider:1 | Reached skill level 15 in Spellcasting
 61269 | Spider:2 | Learned a level 8 spell: Chain Lightning
 62836 | Spider:2 | Noticed Arachne
 62846 | Spider:2 | Killed Arachne
 62846 | Spider:2 | Reached XP level 20. HP: 99/131 MP: 7/40
 68850 | Spider:4 | Entered Level 4 of the Spider Nest
 72646 | Spider:4 | Reached XP level 21. HP: 90/138 MP: 7/41
 73996 | Spider:4 | Got a gossamer rune of Zot
 74850 | Vaults:1 | Entered Level 1 of the Vaults
 76081 | Vaults:1 | Found Zifoduar's Food Shoppe.
 76089 | Vaults:1 | Bought a meat ration for 70 gold pieces
 76089 | Vaults:1 | Bought a meat ration for 70 gold pieces
 76089 | Vaults:1 | Bought a meat ration for 70 gold pieces
 76089 | Vaults:1 | Bought a meat ration for 70 gold pieces
 76089 | Vaults:1 | Bought a meat ration for 70 gold pieces
 76089 | Vaults:1 | Bought a meat ration for 70 gold pieces
 76448 | Vaults:1 | Found Oreemias's Jewellery Boutique.
 76455 | Vaults:1 | Found Qitoef's Antique Armour Shop.
 76605 | Vaults:1 | Found Putud's Magic Scroll Shoppe.
 76613 | Vaults:1 | Bought a scroll of enchant armour for 112 gold pieces
 76613 | Vaults:1 | Bought a scroll of blinking for 112 gold pieces
 76613 | Vaults:1 | Bought a scroll of magic mapping for 52 gold pieces
 76613 | Vaults:1 | Bought a scroll of magic mapping for 52 gold pieces
 76613 | Vaults:1 | Bought a scroll of fog for 30 gold pieces
 77599 | Vaults:1 | Bought a steaming buckler for 256 gold pieces
 77599 | Vaults:1 | Identified the +2 buckler of Unambiguity {rPois} (You bought it in a shop on level 1 of the Vaults)
 77784 | Vaults:1 | Bought an uncursed amulet of guardian spirit for 390 gold pieces
 77959 | Vaults:1 | Reached skill level 1 in Shields
 78478 | Vaults:2 | Reached XP level 22. HP: 97/148 MP: 19/43
 79222 | Vaults:2 | Identified a scroll of acquirement
 79647 | Vaults:2 | Reached skill level 5 in Shields
 82729 | Vaults:3 | Reached skill level 15 in Conjurations
 82803 | Vaults:3 | Reached skill level 15 in Air Magic
 83417 | Vaults:3 | Noticed Bai Suzhen
 84133 | Vaults:3 | Reached XP level 23. HP: 148/155 MP: 27/44
 84263 | Vaults:3 | Got a sparkling iron ring
 84899 | Vaults:3 | Found a staircase to the Crypt.
 84899 | Vaults:3 | Found a basalt altar of Yredelemnul.
 84937 | Vaults:3 | Found an ancient bone altar of Kikubaaqudgha.
 85854 | Vaults:3 | Got a crude robe
 87186 | Vaults:1 | Bought a scroll of identify for 30 gold pieces
 87186 | Vaults:1 | Bought a scroll of identify for 30 gold pieces
 87186 | Vaults:1 | Identified the ring "Soemonal" {rF+ rC+ Str+4 Dex+3} (You took it off a deep elf archer on level 3 of the Vaults)
 87190 | Vaults:1 | Identified the cursed -5 robe of Misfortune {-Cast *Contam *Tele *Drain EV-5 Stlth-- *Curse} (You found it on level 3 of the Vaults)
 87620 | Vaults:3 | Killed Bai Suzhen
 88652 | Vaults:4 | Reached skill level 1 in Evocations
 89606 | Vaults:4 | Noticed Boris
 90222 | Elf:1    | Entered Level 1 of the Elven Halls
 90476 | Elf:1    | Found Xaiclot's Assorted Antiques.
 90482 | Elf:1    | Bought a scroll of identify for 82 gold pieces
 90811 | Elf:1    | Reached XP level 24. HP: 151/161 MP: 33/44
 91229 | Elf:1    | Identified the Collected Works on Evil
 91632 | Elf:1    | Found Yngah's Food Emporium.
 91730 | Elf:1    | Reached skill level 10 in Ice Magic
 91811 | Elf:2    | Found Ytelem's Book Boutique.
 92007 | Elf:2    | Bought a book of Transfigurations for 770 gold pieces
 92023 | Elf:2    | Learned a level 6 spell: Statue Form
 92220 | Elf:2    | Reached skill level 1 in Transmutations
 92900 | Elf:2    | Found a runed gate.
 92901 | Elf:2    | Found a runed gate.
 92931 | Elf:2    | Found a runed gate.
 92956 | Elf:2    | Found a portal to a secret trove of treasure.
 93230 | Elf:3    | Entered Level 3 of the Elven Halls
 93776 | Elf:3    | Reached skill level 5 in Transmutations
 95743 | Elf:3    | Got a ring of the Octopus King
 96141 | Elf:3    | Identified a ring of the Octopus King {rC+ AC+1 EV+1 Str+1 Int+1 Dex+1} (You took it off a deep elf death mage on level 3 of the Elven Halls)
 96261 | Elf:3    | Learned a level 3 spell: Regeneration
 96275 | Elf:3    | Learned a level 6 spell: Deflect Missiles
 96290 | Elf:3    | Got a translucent helmet
 96301 | Elf:3    | Identified the +1 helmet of Othrisko {+Fly MR++ Dex+2 Slay-2} (You found it on level 3 of the Elven Halls)
 96305 | Elf:3    | Got an ichor-stained spear {flame}
 96306 | Elf:3    | Identified the cursed +0 spear of the Wolf {flame, rC+} (You took it off a deep elf annihilator on level 3 of the Elven Halls)
 96336 | Elf:3    | Got a pair of translucent gloves
 96347 | Elf:3    | Identified the cursed -6 pair of gloves of Surprise {rC- Str+2 Int+4 Slay+5} (You found it on level 3 of the Elven Halls)
 96400 | Elf:3    | Got a bone scimitar {pain}
 96400 | Elf:3    | Got a transparent hand axe {chop}
 96401 | Elf:3    | Identified the +6 scimitar "Qoicryt" {pain, +Blink rPois Str+6 Int-2} (You took it off a deep elf death mage on level 3 of the Elven Halls)
 96403 | Elf:3    | Identified the cursed +2 hand axe "Zazxear" {chop, Str+5 Dex+3} (You took it off a deep elf annihilator on level 3 of the Elven Halls)
 96413 | Elf:3    | Got an iridescent broad axe {chop}
 96416 | Elf:3    | Identified the +6 broad axe of Internal Strife {chop, rC+ Str+6} (You took it off a deep elf sorcerer on level 3 of the Elven Halls)
 97182 | Elf:2    | You paid a toll of +6 ice dragon scales to enter a treasure trove
 97183 | Trove    | Entered a treasure trove
 97195 | Trove    | Got a twisted buckler
 97206 | Trove    | Identified the +2 buckler of Filth {rPois Str+4 Stlth+} (You found it in a treasure trove)
 97224 | Trove    | Got a crude hat
 97235 | Trove    | Identified the +2 hat of Mirth {MR+} (You found it in a treasure trove)
 97249 | Trove    | Got a pair of fine gloves
 97260 | Trove    | Identified the +0 pair of gloves "Cith" {rElec Str+2} (You found it in a treasure trove)
 97294 | Trove    | Got a pitted scarf
 97300 | Trove    | Identified the scarf of the Arcane {Int+5 Stlth+} (You found it in a treasure trove)
 97430 | Elf:2    | Got a distressingly furry cloak
 97431 | Elf:2    | Identified the +0 cloak "Zeisoti" {*Drain Dex+4} (You acquired it on level 2 of the Elven Halls)
 97671 | Depths:1 | Entered Level 1 of the Depths
 97678 | Depths:1 | Reached skill level 1 in Charms
 97745 | Depths:1 | Reached XP level 25. HP: 168/168 MP: 26/44
 98142 | Depths:1 | Reached skill level 10 in Earth Magic
 98589 | Depths:1 | Reached skill level 10 in Transmutations
 98745 | Depths:1 | Found a gateway to Hell.
 99291 | Depths:2 | Noticed Nikola
 99306 | Depths:2 | Killed Nikola
 99330 | Depths:2 | Reached skill level 5 in Charms
100642 | Depths:2 | Reached skill level 5 in Maces & Flails
102619 | Depths:2 | Got a pitted glass ring
102621 | Depths:2 | Identified the ring of Zaaniul {rPois rF+ rC+ Str+2 Int+2} (You took it off a yaktaur on level 2 of the Depths)
103237 | Depths:2 | Reached XP level 26. HP: 174/174 MP: 13/44
103723 | Depths:2 | Found a runed door.
104238 | Depths:2 | Reached skill level 10 in Maces & Flails
104323 | Depths:2 | Found a one-way gate leading to the halls of Pandemonium.
104371 | Depths:2 | Identified the Compendium of Conjuration
104386 | Depths:2 | Got a scintillating amber ring
104388 | Depths:2 | Identified the ring "Benyn" {Fire *Corrode +Inv rN+ Dex+6} (You found it on level 2 of the Depths)
104437 | Depths:2 | Got a slimy marble ring
104438 | Depths:2 | Identified the ring "Futweoj" {rC+ rN+ SInv} (You found it on level 2 of the Depths)
105694 | Depths:3 | Noticed Sojobo
105700 | Depths:3 | Killed Sojobo
105721 | Depths:3 | Found a gateway to a ziggurat.
106090 | Depths:3 | Noticed Margery
106095 | Depths:3 | Killed Margery
107353 | Depths:4 | Reached XP level 27. HP: 179/179 MP: 37/44
107354 | Depths:4 | Noticed a juggernaut
107358 | Depths:4 | Killed a juggernaut
107866 | Depths:4 | Reached skill level 15 in Maces & Flails
109609 | Depths:4 | Got a crude copper ring
109610 | Depths:4 | Identified the ring of Juof {MR+ Str+4 Stlth-} (You took it off a deep elf annihilator on level 4 of the Depths)
109660 | Depths:4 | Got a brightly glowing marble ring
109677 | Depths:4 | Identified the ring of Giske {rN+ MR+ SInv} (You took it off a deep elf mage on level 4 of the Depths)
109778 | Depths:4 | Noticed Louise
109781 | Depths:4 | Killed Louise
109800 | Depths:4 | Found a one-way gate to the infinite horrors of the Abyss.
109965 | Depths:5 | Entered Level 5 of the Depths
110522 | Depths:5 | Found a runed warning-scrawled door.
110713 | Depths:5 | Found a runed door.
110714 | Depths:5 | Found a runed door.
111079 | Depths:5 | Reached skill level 1 in Necromancy
111628 | Depths:5 | Found a runed door.
111628 | Depths:5 | Found a runed door.
111628 | Depths:5 | Found a runed door.
111649 | Depths:5 | Found a runed door.
111659 | Depths:5 | Reached skill level 5 in Necromancy
111705 | Depths:5 | Found a runed door.
111705 | Depths:5 | Found a runed door.
111729 | Depths:5 | Found a gate to the Realm of Zot.
112449 | Depths:5 | Got a heavily runed helmet
112481 | Depths:5 | Identified the -4 helmet of Youthful Indiscretion {*Contam MR+ Int+3 Dex+8} (You found it on level 5 of the Depths)
113109 | Lair:5   | Killed Rupert
113545 | Vaults:4 | Killed Boris
114815 | Vaults:4 | Found a hide-covered altar of Uskayaw.
115765 | Vaults:5 | Entered Level 5 of the Vaults
116503 | Vaults:5 | Learned a level 9 spell: Tornado
117007 | Vaults:5 | Noticed an ancient lich
117017 | Vaults:5 | Killed an ancient lich
117599 | Vaults:5 | Got a silver rune of Zot
118015 | Zot:1    | Entered Level 1 of the Realm of Zot
118478 | Zot:1    | Reached skill level 15 in Stealth
122599 | Zot:3    | Found a large runed door.
122600 | Zot:3    | Found a large runed door.
125861 | Zot:3    | Found a large runed door.
125862 | Zot:3    | Found a large runed door.
128286 | Zot:5    | Entered Level 5 of the Realm of Zot
128899 | Zot:5    | Noticed an orb of fire
128900 | Zot:5    | Gained mutation: You occasionally shout uncontrollably at your foes. [an orb of fire]
128907 | Zot:5    | Gained mutation: You are dopey. (Int -2) [an orb of fire]
128911 | Zot:5    | Noticed an ancient lich
128917 | Zot:5    | Noticed an ancient lich
128918 | Zot:5    | Gained mutation: You are weak. (Str -2) [an orb of fire]
128922 | Zot:5    | Killed from afar by an ancient lich

Skill      XL: |  1  2  3  4  5  6  7  8  9 10 11 12 13 14 15 16 17 18 19 20 21 22 23 24 25 26 27 |
---------------+----------------------------------------------------------------------------------+-----
Conjurations   | 2 3 4 5 7 8 9 10 11 12 14 15 16 | 16.1
Air Magic      | 4 5 6 8 9 10 11 14 15 16 21 | 21.1
Stealth        | 5 8 9 10 12 14 22 | 22.2
Fighting       | 3 5 7 9 10 11 12 13 15 16 18 19 20 22 | 22.4
Dodging        | 4 6 8 10 11 12 13 14 15 16 17 18 19 20 22 | 22.8
Spellcasting   | 3 5 6 7 11 12 13 16 17 21 | 21.6
Earth Magic    | 7 9 10 | 10.0
Maces & Flails | 4 8 13 15 | 15.0
Ice Magic      | 6 9 10 | 10.0
Shields        | 2 5 |  5.7
Evocations     | 1 |  1.2
Transmutations | 9 10 | 10.1
Charms         | 1 6 |  6.0
Necromancy     | 6 |  6.0

Action                   |  1- 3 |  4- 6 |  7- 9 | 10-12 | 13-15 | 16-18 | 19-21 | 22-24 | 25-27 || total
-------------------------+-------+-------+-------+-------+-------+-------+-------+-------+-------++-------
Melee: Unarmed           |    17 |    37 |    22 |       |       |       |       |       |       ||    76
       Whip              |       |       |    33 |    11 |       |       |       |       |       ||    44
       Short sword       |       |       |       |   467 |    29 |       |       |       |       ||   496
       Flail             |       |       |       |       |   281 |   235 |    99 |   378 |   661 ||  1654
       Staff             |       |       |       |       |       |       |    77 |       |       ||    77
       Demon whip        |       |       |       |       |       |       |       |       |   507 ||   507
 Cast: Shock             |    69 |   129 |   234 |   319 |    20 |     1 |       |       |       ||   772
       Airstrike         |       |       |     8 |    56 |    36 |   122 |    65 |    69 |    98 ||   454
       Lightning Bolt    |       |       |       |    73 |   101 |    16 |       |       |       ||   190
       Mephitic Cloud    |       |       |       |    12 |    20 |     1 |       |       |       ||    33
       Stone Arrow       |       |       |       |       |   479 |   439 |   649 |   156 |   117 ||  1840
       Freezing Cloud    |       |       |       |       |    13 |    58 |    18 |    53 |    30 ||   172
       Bolt of Cold      |       |       |       |       |       |   114 |   153 |   280 |   390 ||   937
       Conjure Ball Ligh |       |       |       |       |       |    20 |     7 |     5 |       ||    32
       Ozocubu's Refrige |       |       |       |       |       |     3 |   168 |   107 |    80 ||   358
       Orb of Destructio |       |       |       |       |       |     1 |    40 |    35 |   154 ||   230
       Chain Lightning   |       |       |       |       |       |       |       |    26 |   218 ||   244
       Statue Form       |       |       |       |       |       |       |       |     2 |    63 ||    65
       Deflect Missiles  |       |       |       |       |       |       |       |       |     6 ||     6
       Tornado           |       |       |       |       |       |       |       |       |    43 ||    43
       Regeneration      |       |       |       |       |       |       |       |       |     4 ||     4
 Abil: Blink             |       |     2 |       |       |     5 |     7 |       |     5 |       ||    19
       End Transformatio |       |       |       |       |       |       |       |     1 |     3 ||     4
       Stop Flying       |       |       |       |       |       |       |       |     1 |       ||     1
Evoke: Wand              |       |       |       |       |     1 |     1 |    10 |     3 |     7 ||    22
  Use: Potion            |       |     9 |     4 |     2 |     2 |     2 |     6 |     2 |     3 ||    30
       Scroll            |       |     1 |    10 |     7 |     8 |    15 |    14 |    22 |    35 ||   112
 Stab: Distracted        |       |     1 |       |       |     1 |     2 |       |     2 |     3 ||     9
       Sleeping          |       |       |       |     3 |     2 |     2 |     1 |     1 |     7 ||    16
       Confused          |       |       |       |    11 |     7 |       |       |       |       ||    18
  Eat: Chunk             |    12 |     3 |    25 |    61 |    67 |    99 |    97 |   101 |   176 ||   641
       Royal jelly       |       |       |       |       |     1 |     4 |     7 |       |     2 ||    14
       Meat ration       |       |       |       |       |     1 |       |     2 |       |       ||     3
Armor: Robe              |     1 |    14 |    12 |    88 |    12 |       |       |       |    32 ||   159
       Skin              |       |       |    11 |     3 |       |       |       |     7 |   379 ||   400
       Steam dragon scal |       |       |       |       |    99 |    88 |   159 |    55 |    48 ||   449
Dodge: Dodged            |    16 |    97 |    94 |   618 |   741 |   648 |  1089 |   440 |  1732 ||  5475
       Deflected         |       |       |       |       |       |       |       |       |    66 ||    66
Block: Buckler           |       |       |       |       |       |       |     1 |   211 |  1089 ||  1301
       Reflection        |       |       |       |       |       |       |       |       |    35 ||    35
       Rpst.: Flail      |       |       |       |       |       |       |       |       |    20 ||    20
       Demon whip        |       |       |       |       |       |       |       |       |    14 ||    14
